AoeStats
← OFA

Arena

506678110Analyzed
3v3 RM · 17d ago on Sep 14, 2026· 74m 46s· 6 players
Game mode
Random Map
Map size
Normal (6 player)
Population
200
Speed
Normal
Resources
Standard
Victory
Conquest
Starting age
Dark Age
Ending age
Imperial Age
RankedLock teamsTeams togetherTeam positionsShared explorationLock speedFull tech treeHidden civsTurbo modeCheats
Victory
Defeat
🇩🇪 Portuguese · Germany
1282
+10
🇩🇪 Vietnamese · Germany
1229
+12
🇩🇪 Ethiopians · Germany
1008
+21
🇨🇳 Khmer · China
1155
-15
🇪🇸 Britons · Spain
1142
-15
🇹🇷 Teutons · Türkiye
1099
-13
pablov02
10:50 Feudal Age
15:52 Castle Age
14:15 Double-Bit Axe
15:20 Loom
17:22 Bow Saw
16:56 Horse Collar
17:34 Stone Mining
18:40 Heavy Plow
20:26 Fletching
22:20 Bodkin Arrow
24:04 Wheelbarrow
25:21 Hand Cart
25:57 Padded Archer Armor
27:56 Elite Skirmisher
31:02 Leather Archer Armor
35:22 Imperial Age
33:44 Gold Mining
35:08 Crossbowman
36:51 Ring Archer Armor
36:46 Bracer
37:37 Yeomen
38:44 Arbalester
40:32 Forging
42:43 Two-Man Saw
OFA
0:28 Loom
10:45 Feudal Age
17:58 Castle Age
16:05 Double-Bit Axe
17:33 Horse Collar
19:48 Bow Saw
19:39 Heavy Plow
20:41 Forging
25:10 Wheelbarrow
29:47 Iron Casting
29:18 Scale Barding Armor
33:12 Imperial Age
30:45 Scale Mail Armor
32:07 Bloodlines
32:21 Chain Barding Armor
32:01 Padded Archer Armor
31:51 Fletching
32:18 Chain Mail Armor
33:39 Gold Mining
34:02 Cavalier
37:11 Chemistry
36:31 Ballistics
37:43 Leather Archer Armor
38:06 Plate Barding Armor
38:32 Paladin
40:23 Crop Rotation
40:41 Plate Mail Armor
41:11 Blast Furnace
40:07 Bodkin Arrow
40:27 Leather Archer Armor
41:05 Hand Cart
40:26 Elite Skirmisher
42:00 Conscription
48:01 Elite Teutonic Knight
58:46 Caravan
67:40 Pikeman
68:21 Squires
68:06 Gambesons
68:06 Arson
800 but happy
11:21 Feudal Age
9:36 Loom
12:09 Double-Bit Axe
14:45 Castle Age
13:23 Horse Collar
13:29 Double-Bit Axe
13:59 Stone Mining
14:29 Gold Mining
19:42 Town Watch
21:38 Ballistics
24:07 Wheelbarrow
25:03 Bow Saw
26:58 Sanctity
30:53 Imperial Age
28:46 Bow Saw
29:13 Scale Barding Armor
30:43 Chain Barding Armor
30:20 Pikeman
30:45 Arson
31:07 Heavy Plow
31:31 Scale Mail Armor
31:41 Forging
32:17 Conscription
33:52 Plate Barding Armor
33:51 Chain Mail Armor
34:54 Chemistry
33:56 Capped Ram
36:03 Iron Casting
37:22 Hand Cart
37:07 Town Patrol
38:52 Blast Furnace
38:06 Bloodlines
37:56 Husbandry
37:16 Light Cavalry
39:08 Light Cavalry
40:10 Masonry
39:56 Murder Holes
41:08 Double Crossbow
42:47 Gold Shaft Mining
43:10 Crop Rotation
43:13 Architecture
43:45 Fletching
43:56 Padded Archer Armor
44:06 Siege Engineers
44:40 Heavy Scorpion
46:45 Siege Ram
49:25 Fletching
49:36 Padded Archer Armor
50:35 Bodkin Arrow
50:07 Elite Skirmisher
50:36 Hussar
53:00 Leather Archer Armor
52:45 Bracer
56:42 Ring Archer Armor
robert
10:41 Feudal Age
15:18 Castle Age
13:36 Double-Bit Axe
14:12 Horse Collar
14:37 Stone Mining
16:19 Bow Saw
16:38 Heavy Plow
19:33 Fletching
20:44 Wheelbarrow
21:35 Bodkin Arrow
22:34 Padded Archer Armor
24:37 Leather Archer Armor
25:12 Hand Cart
25:50 Loom
26:44 Gold Mining
29:57 Ballistics
30:27 Scale Mail Armor
30:38 Forging
30:39 Town Watch
33:43 Imperial Age
32:20 Chain Mail Armor
32:41 Iron Casting
32:49 Thumb Ring
32:33 Elite Skirmisher
33:45 Imperial Skirmisher
35:06 Bracer
36:49 Ring Archer Armor
40:00 Chemistry
38:23 Elite Fire Lancer
41:16 Squires
41:01 Arson
43:33 Plate Mail Armor
43:09 Scale Barding Armor
43:52 Caravan
44:26 Town Patrol
47:27 Paper Money
59:59 Coinage
60:56 Banking
62:02 Chain Barding Armor
62:38 Pikeman
63:11 Halberdier
64:56 Elite Battle Elephant
65:46 Bloodlines
65:37 Husbandry
67:46 Chatras
71:18 Plate Barding Armor
72:47 Guilds
vinc1542
10:32 Feudal Age
14:42 Castle Age
13:48 Double-Bit Axe
15:02 Loom
16:10 Bow Saw
15:53 Gold Mining
16:41 Horse Collar
18:06 Horse Collar
23:50 Redemption
25:07 Heavy Plow
26:55 Wheelbarrow
28:24 Hand Cart
28:24 Fletching
29:00 Circumnavigation
33:15 Imperial Age
32:29 Crossbowman
33:11 Bodkin Arrow
33:16 Padded Archer Armor
34:04 Ballistics
35:05 Chemistry
33:29 Elite Organ Gun
34:13 Arquebus
34:16 Arbalester
36:09 Bracer
38:17 Leather Archer Armor
41:18 Thumb Ring
43:55 Two-Man Saw
43:35 Caravan
53:03 Crop Rotation
57:40 Ring Archer Armor
OLD BUT GOLD
0:56 Loom
10:34 Feudal Age
15:19 Castle Age
17:33 Wheelbarrow
16:47 Double-Bit Axe
19:11 Horse Collar
22:43 Stone Mining
22:46 Gold Mining
24:02 Heavy Plow
24:30 Bow Saw
25:43 Stone Shaft Mining
26:26 Hand Cart
27:33 Scale Mail Armor
27:44 Forging
31:57 Imperial Age
30:25 Iron Casting
31:43 Chain Mail Armor
31:30 Padded Archer Armor
31:21 Fletching
31:42 Thumb Ring
32:11 Elite Shotel Warrior
34:16 Blast Furnace
34:21 Royal Heirs
45:00 Caravan
52:03 Crossbowman
58:19 Plate Mail Armor
Connection lost

Rejoining the realm…

Still unreachable

The connection could not be restored.

Session expired

The server has moved on; the page needs a fresh start.